[Event "Aktivschachturnier (30 Sek. pro Zug)"]
[Site "Wuppertal"]
[Date "2007.??.??"]
[Round "?"]
[White "Leonardo B 6 MHz, Saitek"]
[Black "MM V, Mephisto"]
[Result "0-1"]
[ECO "E11"]
[WhiteElo "1820"]
[BlackElo "1974"]
[Annotator "Jaeger,Thomas"]
[PlyCount "112"]
[EventDate "2007.??.??"]
[TimeControl "120+1"]

{32MB, book.ctg, ANJATHOMAS} 1. d4 Nf6 2. c4 e6 3. Nf3 {letzter Buchzug} Bb4+
4. Bd2 Qe7 {letzter Buchzug} 5. Qa4 Nc6 6. Bxb4 Qxb4+ 7. Qxb4 Nxb4 8. Na3 O-O
9. e3 d5 10. Be2 Bd7 11. O-O Rac8 12. cxd5 exd5 13. Rfc1 a6 14. h3 Rfe8 15. Nb1
Bf5 16. Nc3 Nc2 17. Rab1 Nxe3 18. fxe3 Bxb1 19. Rxb1 Rxe3 20. Rf1 Rce8 21. Re1
b5 22. a3 h5 23. Kh2 Nd7 (23... a5 {!} 24. Ng1 c6) 24. Nh4 g6 25. Nf3 f5 26.
Kg1 f4 27. Kh2 c6 28. Rc1 {?!oder !?} Rxc3 29. Rxc3 Rxe2 30. Rxc6 Kf7 31. Rxa6
Ke7 32. b4 Re6 33. Ra5 Rb6 34. g3 fxg3+ 35. Kxg3 Kf6 36. Kf4 Rb7 37. Ra6+ Rb6
38. Ra7 Nf8 39. Ne5 g5+ 40. Kf3 Kf5 41. Re7 Ng6 42. Nxg6 Kxg6 43. Rd7 Ra6 44.
Kg2 Rxa3 45. Rd6+ Kf7 46. Rxd5 Ra2+ 47. Kf3 Ra3+ 48. Ke4 Kg6 49. Rxb5 Rxh3 50.
Rb6+ Kf7 51. Kf5 g4 52. Rb7+ Kf8 53. Kf6 {?} Rf3+ 54. Kg5 g3 55. Ra7 g2 56.
Ra8+ Ke7 0-1

[Event "Aktivschachturnier (30 Sek. pro Zug)"]
[Site "Wuppertal"]
[Date "2007.??.??"]
[Round "?"]
[White "MM V, Mephisto"]
[Black "Leonardo B 6 MHz, Saitek"]
[Result "1-0"]
[ECO "C42"]
[WhiteElo "1974"]
[BlackElo "1820"]
[Annotator "Jaeger,Thomas"]
[PlyCount "65"]
[EventDate "2007.??.??"]
[TimeControl "120+1"]

{32MB, book.ctg, ANJATHOMAS} 1. e4 e5 2. Nf3 Nf6 3. Nxe5 d6 4. Nf3 Nxe4 5. d4 {
letzter Buchzug} Be7 {letzter Buchzug} 6. Nbd2 Nxd2 7. Bxd2 Bf5 8. c4 O-O 9.
Qb3 b6 10. Be2 Re8 11. O-O c5 12. Rae1 Nd7 13. Bd3 Bxd3 14. Qxd3 cxd4 15. Nxd4
Ne5 16. Qc3 Rc8 17. b3 Bh4 18. Re2 d5 {?!} 19. Rfe1 Qf6 {?!} 20. g3 Bg5 21.
Bxg5 Qxg5 22. f4 Qg4 23. Rxe5 Rxe5 24. Rxe5 dxc4 25. Nc6 Ra8 26. bxc4 h6 27.
Qd3 f6 28. Ne7+ Kh8 29. Rd5 h5 30. Rd8+ Rxd8 31. Qxd8+ Kh7 32. Qg8+ Kh6 33.
Qh8# 1-0

[Event "Aktivschachturnier (30 Sek. pro Zug)"]
[Site "Wuppertal"]
[Date "2007.??.??"]
[Round "?"]
[White "Leonardo B 6 MHz, Saitek"]
[Black "Amsterdam, Mephisto"]
[Result "0-1"]
[ECO "D22"]
[WhiteElo "1820"]
[BlackElo "1927"]
[Annotator "Jaeger,Thomas"]
[PlyCount "44"]
[EventDate "2007.??.??"]
[TimeControl "120+1"]

{32MB, book.ctg, ANJATHOMAS} 1. d4 d5 2. c4 dxc4 3. Nf3 a6 4. e3 Bg4 5. Bxc4 e6
{letzter Buchzug} 6. O-O {letzter Buchzug} Nc6 7. Nc3 Nf6 8. Bd2 Be7 9. h3 Bh5
10. g4 Bg6 11. Qb3 b5 12. Be2 O-O 13. Rac1 Qd6 14. g5 Nd7 15. Rfe1 Nb6 16. Kg2
Na5 17. Qd1 Nac4 18. Bxc4 Nxc4 19. b3 Nb2 20. Qe2 Bd3 21. Ne4 Qa3 22. Rxc7 Bxe2
0-1

[Event "Aktivschachturnier (30 Sek. pro Zug)"]
[Site "Wuppertal"]
[Date "2007.??.??"]
[Round "?"]
[White "Amsterdam, Mephisto"]
[Black "Leonardo B 6 MHz, Saitek"]
[Result "1-0"]
[ECO "D30"]
[WhiteElo "1927"]
[BlackElo "1820"]
[Annotator "Jaeger,Thomas"]
[PlyCount "95"]
[EventDate "2007.??.??"]
[TimeControl "120+1"]

{32MB, book.ctg, ANJATHOMAS} 1. d4 d5 2. c4 c6 3. Nf3 e6 {letzter Buchzug} 4.
cxd5 exd5 5. Nc3 {letzter Buchzug} Bb4 6. Bf4 Nf6 7. a3 Bxc3+ 8. bxc3 O-O 9. e3
Qa5 10. Qb3 Ne4 11. Rc1 Nd7 12. Bd3 Nb6 13. O-O Bf5 14. Qb4 Qxb4 15. cxb4 Na4
16. Ng5 h6 17. Nxe4 dxe4 18. Be2 a6 19. Bd6 Rfd8 20. Bc7 Rd7 21. Be5 f6 22.
Bc4+ Kh7 23. Bf4 a5 {?!} 24. b5 g5 25. Bg3 Nb2 26. bxc6 bxc6 27. Be2 Rc8 28.
Ba6 Rf8 29. Rxc6 Bg6 {Schwarz ist eigentlich schon verloren} 30. Rb1 Nd3 31.
Rc3 Rg8 32. f3 {A`dam +3,00} f5 33. fxe4 fxe4 34. Bc7 Ra8 35. Bb5 Rf7 36. h3
Rff8 37. d5 Bf5 38. d6 Ne5 39. Rc5 Nd3 40. Bxd3 {
?! Tf5 oder offensichtlicher Td5 waren besser} exd3 41. Bxa5 Kg6 42. Rd1 Rac8
43. Rxc8 Bxc8 44. Rxd3 Ba6 {?!} 45. Rd2 Rf1+ 46. Kh2 Bb5 47. d7 Bxd7 48. Rxd7
1-0

[Event "Aktivschachturnier (30 Sek. pro Zug)"]
[Site "Wuppertal"]
[Date "2007.??.??"]
[Round "?"]
[White "Leonardo B 6 MHz, Saitek"]
[Black "Super Constellation, Novag"]
[Result "1-0"]
[ECO "E46"]
[WhiteElo "1820"]
[BlackElo "1732"]
[Annotator "Jaeger,Thomas"]
[PlyCount "207"]
[EventDate "2007.??.??"]
[TimeControl "120+1"]

{32MB, book.ctg, ANJATHOMAS} 1. d4 Nf6 2. c4 e6 3. Nc3 Bb4 4. e3 O-O 5. Nge2 d5
6. a3 Be7 7. cxd5 exd5 {letzter Buchzug} 8. Ng3 c5 9. dxc5 Bxc5 10. Bd3 Nc6 11.
O-O Re8 12. b4 Bb6 13. Bb2 d4 14. exd4 Bxd4 15. Qd2 a6 16. Rac1 Ne5 17. Bf5 {
?! Leo ist taktisch einfach zu schwach} Nc4 18. Qc2 Nxb2 19. Bxc8 {?!} Rxc8 20.
Nge2 Rxe2 21. Qxe2 Nd3 22. Qd2 Nxc1 23. Rxc1 Rxc3 {
? jetzt verrechnet sich der SuCo} 24. Rxc3 Bxf2+ 25. Kh1 Qf8 26. Qxf2 {?!} Ne4
27. Qe3 Nxc3 28. Qxc3 b5 29. Qc6 h6 30. Qxa6 Qe8 31. g3 Qe4+ 32. Kg1 Qe3+ 33.
Kf1 Qd3+ 34. Kf2 Qd4+ 35. Kf3 Qd1+ 36. Ke3 Qg1+ 37. Ke4 Qg2+ 38. Kd4 Qd2+ 39.
Kc5 Qg5+ 40. Kc6 Qg6+ 41. Kxb5 Qf5+ 42. Kb6 Qf2+ 43. Ka5 Qxh2 44. Qc8+ Kh7 45.
Qf5+ Kg8 46. Qe5 Qa2 47. a4 f6 48. Qe8+ Kh7 49. Qe4+ Kh8 50. g4 Qf7 51. Kb6 Qf8
52. a5 Qb8+ 53. Kc5 Qc7+ 54. Qc6 Qe7+ 55. Kb5 Qd8 56. a6 Qd3+ 57. Ka5 Qd8+ 58.
Qb6 Qd5+ 59. b5 Qd2+ 60. Ka4 Qd1+ 61. Ka3 Qf3+ 62. Ka2 Qxg4 63. a7 Qa4+ 64. Kb2
Qb4+ 65. Kc2 Qe4+ 66. Kc3 Qe1+ 67. Kb3 Qb1+ 68. Ka3 Qa1+ 69. Kb4 Qb2+ 70. Kc4
Qe2+ 71. Kb3 Qd3+ 72. Kb4 Qd2+ 73. Ka3 {?} Qc3+ 74. Ka4 Qc4+ 75. Ka5 Qa2+ 76.
Kb4 Kh7 77. Qb7 {?} Qb2+ 78. Kc5 Qe5+ 79. Kc4 Qf4+ 80. Kd3 Qf1+ 81. Ke3 Qg1+
82. Ke2 Qg4+ {Dh2!} 83. Kd3 {Df3!} Qd1+ 84. Kc4 Qc2+ 85. Kd4 Qd2+ {?} 86. Kc5
Qe3+ 87. Kd6 Qd4+ 88. Kc6 {?} Qe4+ 89. Kc7 Qe7+ 90. Kb6 Qe3+ 91. Kc7 Qc5+ {
? unglaublich!!} 92. Kd7 Qf5+ 93. Kd8 Qd3+ 94. Ke7 Qa3+ 95. Kd7 Qh3+ 96. Ke8
Qe3+ 97. Kf7 Qb3+ 98. Kf8 Qg8+ 99. Ke7 Qc4 100. a8=Q Qc5+ 101. Ke8 Qe5+ 102.
Kf8 Qc5+ 103. Qe7 Qxe7+ {SuCo gibt auf} 104. Kxe7 1-0

[Event "Aktivschachturnier (30 Sek. pro Zug)"]
[Site "Wuppertal"]
[Date "2007.??.??"]
[Round "?"]
[White "Super Constellation, Novag"]
[Black "Leonardo B 6 MHz, Saitek"]
[Result "0-1"]
[ECO "B13"]
[WhiteElo "1732"]
[BlackElo "1820"]
[Annotator "Jaeger,Thomas"]
[PlyCount "95"]
[EventDate "2007.??.??"]
[TimeControl "120+1"]

{32MB, book.ctg, ANJATHOMAS} 1. e4 c6 2. d4 d5 3. exd5 cxd5 4. c4 Nf6 5. Nc3 {
letzter Buchzug} Nc6 {letzter Buchzug} 6. cxd5 Nxd5 7. Nf3 Bg4 8. Be2 e6 9.
Nxd5 Qxd5 10. O-O Bd6 11. h3 Bf5 12. Re1 O-O 13. b3 b5 14. Bd2 Rab8 15. Bc3 Nb4
16. Ne5 Bxe5 17. Bf3 Bh2+ 18. Kh1 Qd6 19. Bxb4 Qxb4 20. Kxh2 Rbd8 21. d5 exd5
22. Kg1 Be4 23. a3 Qc3 24. Re3 Bxf3 25. Rxc3 Bxd1 26. Rxd1 Rfe8 27. Rc5 a6 28.
Rcxd5 Rxd5 29. Rxd5 Kf8 30. Rd6 Re6 31. Rxe6 fxe6 32. b4 Ke7 33. Kf1 Kf6 34.
Ke2 Ke5 35. Ke3 Kd5 36. Kd3 g5 37. f3 Ke5 38. Ke3 h6 39. g4 Kd5 40. Kd3 {? f4!}
(40. f4 gxf4+ 41. Kxf4 Kd4 42. h4 e5+ 43. Kg3 Kd3 44. Kf2) 40... e5 41. Kc3 e4
42. Kc2 exf3 43. Kd3 f2 44. Ke2 Kc4 45. Kxf2 Kb3 46. Ke3 Kxa3 47. Ke4 Kxb4 48.
Kd4 0-1

[Event "Aktivschachturnier (30 Sek. pro Zug)"]
[Site "Wuppertal"]
[Date "2007.??.??"]
[Round "?"]
[White "Super Constellation, Novag"]
[Black "Super Expert C, Novag"]
[Result "0-1"]
[ECO "C39"]
[WhiteElo "1732"]
[BlackElo "1960"]
[Annotator "Jaeger,Thomas"]
[PlyCount "56"]
[EventDate "2007.??.??"]
[TimeControl "120+1"]

{32MB, book.ctg, ANJATHOMAS} 1. e4 e5 2. f4 exf4 3. Nf3 g5 4. h4 g4 5. Ne5 Nf6
6. d4 d6 7. Nd3 Nxe4 8. Bxf4 Bg7 9. c3 O-O 10. Nd2 {letzter Buchzug} Re8 {
letzter Buchzug} 11. Nxe4 Rxe4+ 12. Be2 Bd7 13. h5 g3 14. O-O Qh4 15. Bxg3 Qxg3
16. Rf3 Qh4 17. Rf2 Nc6 18. Qb3 Nd8 19. Bf3 Re3 20. h6 Qxh6 21. Rd1 c6 22. Qb4
Bf5 23. Nc1 Be4 24. Rdf1 Bxf3 25. gxf3 Re6 26. Ne2 Qe3 27. Ng3 Rg6 28. Kh1 Rxg3
0-1

[Event "Aktivschachturnier (30 Sek. pro Zug)"]
[Site "Wuppertal"]
[Date "2007.??.??"]
[Round "?"]
[White "Super Expert C, Novag"]
[Black "Super Constellation, Novag"]
[Result "1-0"]
[ECO "B21"]
[WhiteElo "1960"]
[BlackElo "1732"]
[Annotator "Jaeger,Thomas"]
[PlyCount "55"]
[EventDate "2007.??.??"]
[TimeControl "120+1"]

{32MB, book.ctg, ANJATHOMAS} 1. e4 c5 2. d4 cxd4 3. c3 dxc3 4. Nxc3 e6 5. Nf3
Bc5 6. Bc4 Ne7 7. O-O O-O {letzter Buchzug} 8. Na4 {letzter Buchzug} Bb4 9. a3
d5 {?!} 10. axb4 dxc4 11. Qxd8 Rxd8 12. Nb6 axb6 13. Rxa8 Nbc6 14. b5 Nd4 15.
Nxd4 Rxd4 16. b3 Rxe4 17. Ba3 cxb3 18. Rc1 {Le7!} f6 19. Bxe7 Kf7 20. Raxc8 b2
21. Rb1 Kxe7 22. Rc7+ Kf8 23. Rc2 e5 24. Rcxb2 Ke7 25. Rc2 Kd6 26. Rd1+ Rd4 27.
Rxd4+ exd4 28. Kf1 1-0

[Event "Aktivschachturnier (30 Sek. pro Zug)"]
[Site "Wuppertal"]
[Date "2007.??.??"]
[Round "?"]
[White "Kishon Chesster, Fidelity"]
[Black "Super Expert C, Novag"]
[Result "1-0"]
[ECO "E55"]
[WhiteElo "1781"]
[BlackElo "1960"]
[Annotator "Jaeger,Thomas"]
[PlyCount "139"]
[EventDate "2007.??.??"]
[TimeControl "120+1"]

{32MB, book.ctg, ANJATHOMAS} 1. d4 Nf6 2. c4 e6 3. Nc3 Bb4 4. e3 O-O 5. Nf3 d5
6. Bd3 c5 7. O-O dxc4 8. Bxc4 Nbd7 9. Qe2 b6 10. Rd1 cxd4 11. exd4 Bb7 12. d5
Bxc3 13. dxe6 Bxf3 14. gxf3 fxe6 15. bxc3 Qc7 16. Bxe6+ Kh8 17. Be3 Nc5 18. Bd5
{letzter Buchzug} Nxd5 19. Rxd5 Ne6 {letzter Buchzug} 20. c4 Rac8 21. Re1 Nf4
22. Bxf4 Qxf4 23. Rd7 Rxc4 24. Rxa7 Rc6 25. Qe4 Rg6+ 26. Kh1 Qg5 27. f4 Qc5 28.
Rf1 Rg4 29. Qe7 Qxe7 30. Rxe7 Rgxf4 31. Re2 b5 32. Rc1 Kg8 33. Rcc2 R8f5 34.
Kg2 Rg4+ 35. Kf1 Rh4 36. Rc8+ Rf8 37. Rc5 Rxh2 38. Rxb5 Rh1+ 39. Kg2 Ra1 40.
Rb7 Kh8 41. Kg3 h5 42. Kh4 Rf6 43. Kg3 Rg6+ 44. Kh2 Kg8 45. Ra7 Rg4 46. f3 Rf4
47. Ree7 g6 48. Kg3 Rf5 49. a4 Rf6 50. a5 Ra3 51. Re8+ Rf8 52. Rxf8+ Kxf8 53.
Kf4 h4 54. Kg4 Ra4+ 55. f4 h3 56. Kxh3 Rxf4 57. Kg3 Ra4 58. a6 g5 59. Ra8+ Kf7
60. a7 Kg7 61. Kh3 Kf7 {??} 62. Kg2 {?} Ra3 63. Rh8 Ra2+ 64. Kf3 g4+ 65. Ke4
Ra4+ 66. Kd5 Ra5+ 67. Kc6 {beide verstehen es nicht!} g3 68. a8=Q Rxa8 69. Rxa8
g2 70. Ra1 1-0

[Event "Aktivschachturnier (30 Sek. pro Zug)"]
[Site "Wuppertal"]
[Date "2007.??.??"]
[Round "?"]
[White "Super Expert C, Novag"]
[Black "Kishon Chesster, Fidelity"]
[Result "1-0"]
[ECO "C98"]
[WhiteElo "1960"]
[BlackElo "1781"]
[Annotator "Jaeger,Thomas"]
[PlyCount "127"]
[EventDate "2007.??.??"]
[TimeControl "120+1"]

{32MB, book.ctg, ANJATHOMAS} 1. e4 e5 2. Nf3 Nc6 3. Bb5 a6 4. Ba4 Nf6 5. O-O
Be7 6. Re1 b5 7. Bb3 O-O 8. c3 d6 9. h3 Na5 10. Bc2 c5 11. d4 Qc7 12. Nbd2 Nc6
{letzter Buchzug} 13. d5 Na5 14. b3 Bd7 15. Nf1 {letzter Buchzug} b4 16. cxb4
cxb4 17. Bd2 Qb6 18. a3 bxa3 19. Ne3 Rac8 20. Rxa3 Nb7 21. b4 Ra8 22. Nc4 Qd8
23. Qe2 Qc7 24. Bd3 Bb5 25. Rc1 Rac8 26. Rac3 Qb8 27. Nb6 Rxc3 28. Rxc3 Bxd3
29. Qxd3 a5 30. Rc4 {?!} axb4 31. Bxb4 Nc5 32. Bxc5 dxc5 33. Na4 Rc8 34. Nc3
Bf8 35. Kh1 Bd6 36. Nh4 Nh5 37. Nf5 Nf4 38. Qg3 g6 39. Qg4 h5 40. Qg5 f6 41.
Qg3 Bf8 42. Kh2 Kf7 43. Ne3 Bd6 44. Ra4 Kf8 45. Nc4 {
jetzte steht Weiss wieder besser!} Kg7 46. Qe3 h4 47. Nxd6 Qxd6 48. Ra7+ {
?! g3!} Kh6 {?} 49. Ne2 {g3!?} (49. g3 Qb8 50. Ra2 hxg3+ 51. fxg3 {
war doch nicht so schwierig zu finden, oder?}) 49... Qb8 {?} 50. Rf7 Rc7 51.
Rxc7 Qxc7 52. g3 {endlich!} hxg3+ 53. fxg3 g5 54. gxf4 exf4 55. Qf3 c4 56. h4
Qe5 57. hxg5+ {Dc3!} fxg5 58. Kh3 Kg7 {?! macht es Weiss einfacher als notig}
59. Qc3 Qxc3+ 60. Nxc3 Kf6 61. Kg4 Ke5 62. Nb5 Kf6 63. d6 c3 64. Nxc3 {
Chesster gibt auf} 1-0

[Event "Aktivschachturnier (30 Sek. pro Zug)"]
[Site "Wuppertal"]
[Date "2007.??.??"]
[Round "?"]
[White "MM V, Mephisto"]
[Black "Super Expert C, Novag"]
[Result "0-1"]
[ECO "D25"]
[WhiteElo "1974"]
[BlackElo "1960"]
[Annotator "Jaeger,Thomas"]
[PlyCount "116"]
[EventDate "2007.??.??"]
[TimeControl "120+1"]

{32MB, book.ctg, ANJATHOMAS} 1. d4 d5 2. c4 dxc4 3. Nf3 Nf6 4. e3 Bg4 5. Bxc4
e6 6. h3 Bh5 7. O-O Nbd7 8. Nc3 Bd6 9. e4 e5 10. Be2 O-O 11. dxe5 Nxe5 12. Nd4
{letzter Buchzug} Bxe2 13. Qxe2 Ng6 14. Rd1 Qc8 15. Bg5 Be5 {letzter Buchzug}
16. Nf3 Bxc3 17. bxc3 Qe6 18. Bxf6 Qxf6 19. Rab1 Qxc3 20. Rdc1 Nf4 21. Qf1 Qa3
22. Rxc7 Nxh3+ 23. gxh3 Qxf3 24. Rbxb7 Qxe4 25. Re7 Qf3 26. Qg2 Qa3 27. f3 Rae8
{Tad8!} 28. Qe2 Rxe7 29. Rxe7 Qc1+ 30. Kh2 a5 31. Re8 Qc6 32. Rxf8+ Kxf8 33.
Kg2 Qg6+ 34. Kf2 Qb6+ 35. Kg2 Qd4 36. Qc2 g6 37. Kh2 Ke7 38. Qe2+ Kf6 39. Kg2
a4 40. a3 h5 41. Qa6+ Kg7 42. Qe2 h4 43. Qc2 Qe5 44. Qf2 Qf4 45. Qb2+ f6 46.
Qf2 g5 47. Kf1 Qc1+ 48. Kg2 Qxa3 49. Qe2 Qd6 50. Kf1 a3 51. Qa2 Qb4 52. Qc2
Qb5+ 53. Kg1 Qb8 54. Kf1 Qg3 55. Qf5 a2 56. Qd7+ Kh6 57. Qd1 Qxh3+ 58. Kg1 {
MMV gibt auf} Qg3+ 0-1

[Event "Aktivschachturnier (30 Sek. pro Zug)"]
[Site "Wuppertal"]
[Date "2007.??.??"]
[Round "?"]
[White "Super Expert C, Novag"]
[Black "MM V, Mephisto"]
[Result "1-0"]
[ECO "D55"]
[WhiteElo "1960"]
[BlackElo "1974"]
[Annotator "Jaeger,Thomas"]
[PlyCount "133"]
[EventDate "2007.??.??"]
[TimeControl "120+1"]

{32MB, book.ctg, ANJATHOMAS} 1. d4 d5 2. c4 e6 3. Nc3 Nf6 4. Bg5 Be7 5. e3 O-O
6. Nf3 h6 7. Bxf6 Bxf6 {letzter Buchzug} 8. cxd5 exd5 9. Be2 {letzter Buchzug}
c6 10. O-O Bf5 11. Bd3 Bxd3 12. Qxd3 Nd7 13. e4 dxe4 14. Nxe4 Be7 15. Rfe1 Bb4
16. Re2 a5 17. a3 Nc5 18. Nxc5 Bxc5 19. Rae1 Qd7 20. Qe3 Bd6 21. Qe4 Rfd8 22.
Re3 b6 23. Kh1 Rac8 24. Ne5 Bxe5 25. dxe5 Qd5 26. Qf5 Qd2 27. e6 fxe6 28. Qxe6+
Kh8 29. R3e2 Qd6 30. Qf7 Rf8 31. Qb3 Qd4 32. Kg1 a4 33. Qc2 Qf4 34. Re4 Qf5 35.
Qe2 Ra8 36. Re6 Rf6 37. Re5 Qg6 38. Qe3 c5 39. f3 Raf8 40. Qe4 Kh7 41. Re7 R8f7
42. Rxf7 Rxf7 43. Qxg6+ Kxg6 44. Re6+ Rf6 45. Re4 b5 46. Re5 Rc6 47. Kf2 Kf6
48. f4 g5 49. Ke3 Re6 50. Rxe6+ Kxe6 51. fxg5 hxg5 52. Ke4 b4 53. Kd3 Kd5 54.
h3 c4+ 55. Kc2 bxa3 56. bxa3 Kd4 {? Ke4 halt evtl remis?} 57. g3 Ke4 58. Kc3
Kf3 59. h4 gxh4 60. gxh4 Kg4 61. Kxc4 Kxh4 62. Kb5 Kg5 63. Kxa4 Kf6 64. Kb5 Ke7
65. Kc6 Kd8 66. Kb7 Ke7 67. a4 1-0

[Event "Aktivschachturnier (30 Sek. pro Zug)"]
[Site "Wuppertal"]
[Date "2007.??.??"]
[Round "?"]
[White "Excel 68000, Fidelity"]
[Black "Super Expert C, Novag"]
[Result "1-0"]
[ECO "B09"]
[WhiteElo "1858"]
[BlackElo "1960"]
[Annotator "Jaeger,Thomas"]
[PlyCount "93"]
[EventDate "2007.??.??"]
[TimeControl "120+1"]

{32MB, book.ctg, ANJATHOMAS} 1. e4 d6 2. d4 Nf6 3. Nc3 g6 4. f4 Bg7 5. Nf3 {
letzter Buchzug} c5 {letzter Buchzug} 6. dxc5 dxc5 {und sofort ein Fehler!} 7.
Qxd8+ Kxd8 8. Be3 Nbd7 9. O-O-O b6 10. Ng5 Ke8 11. Bc4 e6 12. Nb5 Ke7 13. Nc7
Rb8 14. e5 Ng4 15. Bg1 Rb7 16. Nb5 h6 17. Ne4 Rb8 18. Ned6 Bb7 19. Nxb7 Rxb7
20. Nd6 Rbb8 21. Nxf7 Rhf8 22. Bb5 Rb7 23. Nd6 Rc7 24. g3 h5 25. h3 Nh6 26. Be3
Rd8 27. Be2 a5 28. a4 Nf7 29. Bd3 Nh8 30. Be4 c4 {Verzweiflung} 31. c3 Bh6 32.
Rhe1 Nc5 33. Bc2 Rb8 34. Kb1 Bg7 35. Rd4 Nd3 36. Bxd3 cxd3 37. Rxd3 Rc6 38.
Red1 Rg8 39. Nb5 Nf7 40. Na7 Rc4 41. b3 Rc7 42. Bxb6 Rb7 43. Bc5+ Ke8 44. Nb5
Bf8 45. Bb6 Ke7 46. Nc7 Rxc7 47. Bxc7 1-0

[Event "Aktivschachturnier (30 Sek. pro Zug)"]
[Site "Wuppertal"]
[Date "2007.??.??"]
[Round "?"]
[White "Super Expert C, Novag"]
[Black "Excel 68000, Fidelity"]
[Result "0-1"]
[ECO "B22"]
[WhiteElo "1960"]
[BlackElo "1858"]
[Annotator "Jaeger,Thomas"]
[PlyCount "138"]
[EventDate "2007.??.??"]
[TimeControl "120+1"]

{32MB, book.ctg, ANJATHOMAS} 1. e4 c5 2. c3 d5 3. exd5 Qxd5 4. d4 e6 5. Nf3 Nc6
6. Na3 Qd8 {letzter Buchzug} 7. Nc2 Nf6 8. Bd3 {letzter Buchzug} cxd4 9. cxd4
Bd6 10. O-O O-O 11. Bg5 h6 12. Bh4 b6 13. Ne3 Bb7 14. Bc4 Na5 15. Be2 Rc8 16.
Ne5 Nc6 17. Nxc6 Bxc6 18. Ba6 Rc7 19. Rc1 Be4 20. f3 Bf4 21. Qd2 {?! Txc7!} Bg6
22. Kh1 {?!} Be5 {?! fur beide zu kompliziert! Txc1 nebst Se4} 23. Rxc7 Bxc7
24. Ng4 h5 25. Nxf6+ gxf6 26. Rc1 Kg7 27. Rc6 Qe7 28. d5 Rd8 29. Qc1 Bd6 {Td5!}
30. dxe6 fxe6 31. Qe3 Be5 32. Qe2 Qd7 33. Rc1 Qd2 34. Re1 Qb4 {Dxe2!} 35. f4
Qxf4 36. Bg3 Qd4 37. Bxe5 fxe5 38. Bc4 Kf6 {De4!} 39. Qf3+ Bf5 40. Bb5 Qb4 41.
Qe2 e4 42. a3 Qd2 43. Rf1 {?} Qxe2 44. Bxe2 Rd2 45. Bxh5 Kg5 46. Be8 Rxb2 47.
Kg1 Ra2 48. Re1 Rxa3 49. Kf2 a6 50. Bc6 Kf4 51. g3+ Ke5 52. Re3 Ra2+ 53. Re2
Rxe2+ 54. Kxe2 Kd4 55. Bd7 Bh3 56. Bc8 a5 57. Bd7 Bg4+ 58. Ke1 Ke3 {Unsinn!}
59. Bb5 e5 60. Bc6 Kf3 61. Kf1 Bf5 62. Kg1 Be6 {sehr umstandlich!} 63. Kf1 Bc4+
64. Ke1 b5 65. Kd2 a4 66. Kc3 a3 67. g4 b4+ 68. Kxc4 a2 69. h3 a1=Q 0-1

[Event "Aktivschachturnier (30 Sek. pro Zug)"]
[Site "Wuppertal"]
[Date "2007.??.??"]
[Round "?"]
[White "Vancouver 68000, Mephisto"]
[Black "Super Expert C, Novag"]
[Result "1-0"]
[ECO "B01"]
[WhiteElo "2105"]
[BlackElo "1960"]
[Annotator "Jaeger,Thomas"]
[PlyCount "59"]
[EventDate "2007.??.??"]
[TimeControl "120+1"]

{32MB, book.ctg, ANJATHOMAS} 1. e4 d5 2. exd5 Nf6 3. Bb5+ Bd7 4. Bc4 Bg4 5. f3
{letzter Buchzug} Bc8 6. Nc3 Nbd7 {letzter Buchzug} 7. Qe2 Nb6 8. d4 Nbxd5 9.
Nxd5 Nxd5 10. Bg5 h6 11. Bd2 e6 12. Qe5 Nb6 13. Bb5+ c6 14. Bd3 Qh4+ 15. g3 Qd8
16. Ne2 Nd7 17. Qe3 Bd6 18. O-O Qb6 19. b3 O-O 20. c4 e5 21. Bc3 exd4 22. Bxd4
Nc5 23. Nc3 Bh3 {?! Dd8!} 24. Na4 Qc7 25. Nxc5 Bxg3 {?! klappt nicht!} 26. f4
Bxh2+ 27. Kxh2 Bxf1 28. Rxf1 Rfe8 29. Qg3 g6 30. Bxg6 1-0

[Event "Aktivschachturnier (30 Sek. pro Zug)"]
[Site "Wuppertal"]
[Date "2007.??.??"]
[Round "?"]
[White "Super Expert C, Novag"]
[Black "Vancouver 68000, Mephisto"]
[Result "0-1"]
[ECO "C42"]
[WhiteElo "1960"]
[BlackElo "2105"]
[Annotator "Jaeger,Thomas"]
[PlyCount "114"]
[EventDate "2007.??.??"]
[TimeControl "120+1"]

{32MB, book.ctg, ANJATHOMAS} 1. e4 e5 2. Nf3 Nf6 3. Nxe5 {letzter Buchzug} Qe7
{letzter Buchzug} 4. Nf3 Nxe4 5. Be2 d5 6. O-O Nc6 7. d3 Nf6 8. Re1 Bd7 9. Nc3
O-O-O 10. d4 Be6 11. Bg5 h6 12. Be3 Ne4 13. Bb5 Nxc3 14. bxc3 Qd6 15. Qd2 g5
16. Rab1 a6 17. Bd3 Qa3 18. Rb3 Qxa2 19. Rbb1 Qa3 20. Rb3 Qd6 21. Rb2 f5 22.
Qe2 Re8 23. c4 {?!} g4 24. Nh4 dxc4 25. Bxf5 Bxf5 26. Nxf5 Qg6 27. d5 Nb4 28.
d6 {?!} Qxf5 29. Rxb4 Bxd6 30. Rxc4 h5 31. Qd2 Re6 32. Rd4 Rf8 33. Rd5 Re5 34.
Rd4 Rb5 {?!} 35. Bh6 Rg8 36. Rd1 Kb8 37. Bf4 Bxf4 38. Rxf4 Qc5 39. c4 Rb6 40.
Rd4 Rf8 41. Rd5 Qxc4 42. Rc1 Qf4 43. Qxf4 Rxf4 44. Rxh5 Rc4 45. Rh8+ Ka7 46.
Rd1 Rb2 47. g3 Kb6 48. Rh6+ {?!} Kb5 49. Kg2 a5 50. h4 a4 51. Rd3 Kb4 52. Rh8
b5 53. Ra8 c5 54. Re3 Rd2 55. Kf1 Rc1+ 56. Kg2 c4 57. Re6 Rdd1 0-1

[Event "Aktivschachturnier (30 Sek. pro Zug)"]
[Site "Wuppertal"]
[Date "2007.??.??"]
[Round "?"]
[White "Vancouver 68000, Mephisto"]
[Black "Citrine, Novag"]
[Result "1-0"]
[ECO "B15"]
[WhiteElo "2105"]
[BlackElo "1990"]
[Annotator "Jaeger,Thomas"]
[PlyCount "87"]
[EventDate "2007.??.??"]
[TimeControl "120+1"]

{32MB, book.ctg, ANJATHOMAS} 1. e4 c6 2. d4 d5 {letzter Buchzug} 3. Nd2 dxe4 4.
Nxe4 Nf6 5. Nxf6+ exf6 6. Nf3 Bb4+ {Tempoverlust} 7. c3 Bd6 8. Bc4 O-O 9. O-O
Re8 10. Qd3 Nd7 11. Re1 Rxe1+ 12. Nxe1 Nb6 13. Bb3 Bd7 14. Nf3 Nd5 15. Bd2 Qf8
16. Re1 Re8 17. Rxe8 Qxe8 18. c4 Nf4 19. Bxf4 Bxf4 20. g3 Bd6 21. c5 Be7 22.
Qe4 Bf8 23. Qxe8 Bxe8 24. Nd2 Bd7 25. Nc4 Be6 26. Na5 Bxb3 {
?! sollte verlieren!} 27. axb3 b6 28. cxb6 axb6 29. Nxc6 b5 {
? der geht jetzt auch noch verloren} 30. b4 Bd6 31. Na7 Bxb4 32. Kf1 Kf8 33.
Ke2 Ke8 34. Nxb5 Kd7 35. Nc3 Kd6 36. Kd3 Ba5 37. Kc4 Ke6 38. Kc5 Kd7 39. b4 Bc7
40. Nb5 Bb8 41. Kb6 g6 42. Kb7 Bd6 43. Nxd6 Kxd6 44. b5 1-0

[Event "Aktivschachturnier (30 Sek. pro Zug)"]
[Site "Wuppertal"]
[Date "2007.??.??"]
[Round "?"]
[White "Citrine, Novag"]
[Black "Vancouver 68000, Mephisto"]
[Result "1/2-1/2"]
[ECO "D67"]
[WhiteElo "1990"]
[BlackElo "2105"]
[Annotator "Jaeger,Thomas"]
[PlyCount "136"]
[EventDate "2007.??.??"]
[TimeControl "120+1"]

{32MB, book.ctg, ANJATHOMAS} 1. c4 e6 2. d4 d5 3. Nc3 Nf6 4. Bg5 Be7 5. e3 O-O
6. Nf3 Nbd7 7. Rc1 c6 8. Bd3 dxc4 9. Bxc4 Nd5 10. Bxe7 Qxe7 11. Ne4 N5f6 12.
Nxf6+ Qxf6 13. O-O c5 {letzter Buchzug} 14. dxc5 {letzter Buchzug} Qxb2 15. Qb3
Qxb3 16. Bxb3 Nf6 17. c6 bxc6 18. Rxc6 Bd7 19. Rc7 Rfc8 20. Rfc1 Rxc7 21. Rxc7
Rc8 22. Rc4 Rxc4 23. Bxc4 Bc6 24. Ne5 Bd5 25. f3 Bxc4 26. Nxc4 Nd5 27. Kf2 f5
28. Ne5 Nc3 29. a3 Nb5 30. a4 Nc3 31. a5 Nd1+ 32. Ke2 Nc3+ 33. Kd3 Nb5 34. Kc4
Na3+ 35. Kb3 Nb5 36. Kb4 Nc7 37. Kc5 {Sc6!} Nd5 38. Kd4 {?} Ne7 39. h4 {
Citrine erkennt die Gewinnchancen nicht!} h5 40. g3 Kf8 41. Kc4 {Kc5!} Nd5 42.
Kd3 Nb4+ 43. Kc3 Nd5+ 44. Kd4 Ne7 45. a6 Nd5 46. Nc6 Nc7 47. Nxa7 Nxa6 48. Nc6
Kf7 49. Ke5 Nc5 50. Kf4 Kg6 51. Ke5 Kf7 52. Kd4 Na6 53. e4 Kf6 54. exf5 exf5
55. Ke3 Nc7 56. Kd4 f4 57. g4 hxg4 58. fxg4 Nb5+ 59. Ke4 Nc3+ 60. Kxf4 Nd5+ 61.
Ke4 Nc3+ 62. Kd4 Nd1 63. Ne5 Nf2 64. Kd5 Nd1 65. Nc4 Nf2 66. Ne3 Kg6 67. g5 Kh5
68. Ng2 Nh3 1/2-1/2